 Dungeon Crawl Stone Soup version 0.28-a0-1184-g53156a8862 (webtiles) character file.

Game seed: 16480055197707770416

12820 siradein the Summoner (level 11, -12/88 (91) HPs)
             Began as a Pale Draconian Summoner on Dec 17, 2021.
             Was an Initiate of Yredelemnul.
             Mangled by a seven-headed hydra (13 damage)
             ... on level 11 of the Dungeon.
             The game lasted 01:31:07 (12036 turns).

siradein the Summoner (Pale Draconian Summoner)    Turns: 12036, Time: 01:31:08

HP:   -12/88 (91)   AC: 11    Str: 10    XL:     11   Next: 67%
MP:   16/22         EV: 14    Int: 25    God:    Yredelemnul [......]
Gold: 592           SH:  0    Dex: 13    Spells: 12/25 levels left

rFire   . . .      SeeInvis .   J - +3 trident (protect)
rCold   . . .      Faith    .   (no shield)
rNeg    . . .      Spirit   .   (armour unavailable)
rPois   +          Reflect  .   (helmet restricted)
rElec   .          Harm     .   o - +2 cloak {rPois}
rCorr   .          Rampage  .   (no gloves)
Will    +....                   D - +0 pair of boots
Stlth   ++........              (no amulet)
HPRegen 0.24/turn               l - +6 ring of intelligence
MPRegen 0.18/turn               q - ring of willpower

@: lightly drained
A: breathe steam, AC +7, unfitting armour, cold-blooded, steam resistance
a: Breathe Steam, Renounce Religion, Recall Undead Harvest


You were on level 11 of the Dungeon.
You worshipped Yredelemnul.
Yredelemnul was noncommittal.
You visited 1 branch of the dungeon, and saw 11 of its levels.

You collected 592 gold pieces.

Inventory:

Hand Weapons
 n - a +3 quarterstaff of chaos
 J - a +3 trident of protection (weapon)
Missiles
 G - a throwing net
Armour
 o - a +2 cloak of poison resistance (worn)
 D - a +0 pair of boots (worn)
Magical Staves
 v - a staff of poison
Jewellery
 l - a +6 ring of intelligence (left hand)
 q - a ring of willpower (right hand)
 F - a ring of protection from fire
Wands
 j - a wand of acid (16)
 t - a wand of polymorph (12)
 z - a wand of charming (9)
 B - a wand of iceblast (5)
Scrolls
 a - 2 scrolls of blinking
 e - 2 scrolls of amnesia
 f - a scroll of acquirement
 g - 8 scrolls of teleportation
 h - 2 scrolls of fog {unknown}
 i - 3 scrolls of enchant weapon {unknown}
 p - a scroll of summoning {unknown}
 u - 2 scrolls of fear {unknown}
 w - a scroll of holy word {unknown}
 x - 3 scrolls of immolation {unknown}
 y - a scroll of brand weapon {unknown}
 A - 2 scrolls of enchant armour {unknown}
 K - a scroll of silence {unknown}
Potions
 b - a potion of haste
 c - 2 potions of curing {unknown}
 d - a potion of brilliance {unknown}
 k - 4 potions of magic
 m - a potion of lignification
 r - 4 potions of degeneration {unknown}
 s - 2 potions of mutation {unknown}
 C - a potion of flight {unknown}
 E - a potion of attraction {unknown}
 H - 3 potions of invisibility {unknown}
 I - a potion of ambrosia {unknown}
 L - 2 potions of heal wounds {unknown}
 M - a potion of berserk rage {unknown}


   Skills:
 + Level 6.6 Fighting
 + Level 5.8 Dodging
 - Level 1.8 Stealth
 + Level 7.6 Spellcasting
 - Level 5.0 Hexes
 + Level 9.0 Summonings
 + Level 7.4 Air Magic
 + Level 6.7 Invocations
 + Level 6.4 Evocations


You had 12 spell levels left.
You knew the following spells:

 Your Spells              Type           Power      Damage    Failure   Level
a - Summon Small Mammal   Summ           100%       N/A       1%          1
b - Call Imp              Summ           53%        N/A       1%          2
c - Call Canine Familiar  Summ           53%        N/A       1%          3
d - Summon Guardian Gole  Hex/Summ       44%        N/A       1%          3
e - Summon Lightning Spi  Summ/Air       50%        N/A       1%          4

Your spell library contained the following spells:

 Spells                   Type           Power      Damage    Failure   Level
 Foxfire                  Conj/Fire      36%        2x1d5     6%          1
 Inner Flame              Hex/Fire       22%        N/A       7%          3
 Conjure Flame            Conj/Fire      9%         6-21      19%         3
 Flame Wave               Conj/Fire      9%         2d4       54%         4


Dungeon Overview and Level Annotations

Branches:
Dungeon (11/15)            Temple (0/1) D:7            Lair (0/6) D:8
    Orc (0/2) D:11

Altars:
Ashenzari
Dithmenos
Fedhas
Gozag
Kikubaaqudgha
Okawaru
Ru
Sif Muna
Uskayaw
Vehumet
Wu Jian
Xom
Yredelemnul

Shops:
D:11 ([


Innate Abilities, Weirdness & Mutations

You can breathe blasts of scalding, opaque steam.
Your pale cyan-grey scales are hard. (AC +7)
You cannot fit into any form of body armour.
You are cold-blooded and may be slowed by cold attacks.
You are immune to the effects of steam.


Message History

Your orc zombie hits the seven-headed hydra.
The seven-headed hydra bites your orc zombie!
Your orc zombie is destroyed!
Casting: Call Canine Familiar (safe; 1% risk of failure)
Confirm with . or Enter, or press ? or * to list all spells.
An electric hum fills the air.
Your lightning spire shoots out a bolt of lightning at the seven-headed hydra!
The bolt of electricity hits the seven-headed hydra!
Casting: Summon Lightning Spire (dangerous; 1% risk of failure)
Confirm with . or Enter, or press ? or * to list all spells.
A guardian golem appears, shielding your allies.
The seven-headed hydra bites you. x2
The seven-headed hydra bites you but does no damage. x2
The seven-headed hydra bites you.
The seven-headed hydra bites you but does no damage.
The seven-headed hydra bites you!
Your lightning spire shoots out a bolt of lightning at the seven-headed hydra!
The bolt of electricity hits your guardian golem.
Your guardian golem resists.
The bolt of electricity hits the seven-headed hydra!
The seven-headed hydra completely misses you.
The seven-headed hydra bites you!
The seven-headed hydra bites you but does no damage.
The seven-headed hydra completely misses you.
The seven-headed hydra bites you!
* * * LOW HITPOINT WARNING * * *
The seven-headed hydra bites you.
* * * LOW HITPOINT WARNING * * *
The seven-headed hydra misses you.
Casting: Summon Guardian Golem (safe; 1% risk of failure)
Confirm with . or Enter, or press ? or * to list all spells.
The seven-headed hydra bites you but does no damage.
The seven-headed hydra bites you!
* * * LOW HITPOINT WARNING * * *
The seven-headed hydra bites you!
* * * LOW HITPOINT WARNING * * *
The seven-headed hydra bites you but does no damage. x2
The seven-headed hydra bites you!
You die...
Your body rises from the dead as a mindless zombie.

############..#
#..###...∩.$.#
.......$.(....#
#$$#.........#
..............#
#..#.........#
.......$......#
#..#.........#
..............#
#..#.........#
....########9.#
#..#.........# ##### #..#
#..###.......+
#.9######....'.......#
#...D@.......#....####
#............#....#
#.....h......#....#
+#............#....#
................####+#..
........................
......####+######........
...... #........ ......
#........


You could see a seven-headed hydra (ally target), a friendly guardian golem
(summoned) and a friendly wolf (summoned).

Vanquished Creatures
  A hydra (D:8)
  Prince Ribbit (D:6)
  A steam dragon (D:6)
  A water moccasin (D:5)
  2 centaurs (D:10)
  A gnoll sergeant (D:9)
  3 killer bees
  3 wights (D:8)
  5 howler monkeys
  2 bullfrog zombies (D:5)
  4 centaur zombies
  A jelly (D:7)
  2 orc priests (D:9)
  A bullfrog skeleton (D:6)
  Jessica (D:3)
  4 orc wizards
  2 iguanas
  2 scorpion zombies
  7 gnolls
  3 adders
  2 white imps
  An ufetubus (D:5)
  A dart slug (D:1)
  7 orcs
  4 endoplasms
  4 hobgoblins
  2 jackals (D:1)
  7 kobolds
  A quokka (D:4)
  7 ball pythons
  5 bats
  5 frilled lizards (D:1)
  3 goblins (D:1)
  An orc zombie (D:8)
  5 rats
102 creatures vanquished.

Vanquished Creatures (collateral kills)
  Josephine (D:10)
  Harold (D:9)
  Erolcha (D:10)
  2 two-headed ogres
  Nergalle (D:10)
  A kobold demonologist (D:9)
  A troll (D:10)
  12 yaks
  4 wraiths
  Menkaure (D:6)
  2 water moccasins
  3 ice beasts
  A hornet zombie (D:9)
  A sky beast (D:8)
  4 orc warriors
  2 necrophages
  2 centaurs
  An ogre (D:3)
  A phantom (D:6)
  A kobold brigand (D:8)
  A bullfrog (D:6)
  2 gnoll sergeants
  A water moccasin zombie (D:5)
  3 scorpions
  A water moccasin skeleton (D:6)
  6 killer bees
  2 wights (D:8)
  3 howler monkeys
  2 centaur zombies
  Crazy Yiuf (D:3)
  A gnoll shaman (D:6)
  A hound (D:5)
  7 orc priests
  A centaur skeleton (D:6)
  3 iguanas (D:5)
  8 orc wizards
  A hound zombie (D:5)
  2 howler monkey zombies
  9 gnolls
  An adder (D:3)
  2 white imps
  A worm (D:2)
  27 orcs
  3 bats
  3 endoplasms
  A giant cockroach (D:1)
  2 hobgoblins
  3 jackals
  8 kobolds
  3 ball pythons
  4 frilled lizards
  2 rats
158 creatures vanquished.

Vanquished Creatures (others)
  A gargoyle (D:10)
  2 yaks
  A human zombie (D:10)
  A troll zombie (D:10)
  2 spectral ice beasts
  A killer bee (D:8)
  7 yak zombies
  2 centaur zombies (D:10)
  A scorpion zombie (D:6)
  4 killer bee zombies
  A sky beast zombie (D:8)
  3 howler monkey zombies
  3 gnoll zombies
  13 orc zombies
  2 plants (D:2)
44 creatures vanquished.

Grand Total: 304 creatures vanquished

Notes
Turn   | Place    | Note
-------+----------+-------------------------------------------
     0 | D:1      | siradein the Draconian Summoner began the quest for the
                  | Orb.
     0 | D:1      | Reached XP level 1. HP: 14/14 MP: 3/3
   259 | D:1      | Reached XP level 2. HP: 19/20 MP: 3/5
   262 | D:1      | Learned a level 2 spell: Call Imp
  1234 | D:1      | Reached XP level 3. HP: 21/26 MP: 7/7
  1240 | D:1      | Learned a level 3 spell: Call Canine Familiar
  1542 | D:1      | Found a faded altar of an unknown god.
  2622 | D:3      | Reached XP level 4. HP: 32/33 MP: 5/8
  2626 | D:3      | Learned a level 3 spell: Summon Guardian Golem
  2751 | D:3      | Noticed Jessica
  2758 | D:3      | Killed Jessica
  2759 | D:3      | Reached skill level 5 in Summonings
  2923 | D:3      | Found a sacrificial altar of Ru.
  2944 | D:3      | Found an iron altar of Okawaru.
  3334 | D:3      | Found a runed translucent door.
  3335 | D:3      | Noticed Crazy Yiuf
  3529 | D:3      | Noticed an ogre
  3540 | D:3      | Killed an ogre
  3541 | D:3      | Reached skill level 1 in Hexes
  3541 | D:3      | Reached XP level 5. HP: 38/38 MP: 2/10
  3781 | D:3      | Killed Crazy Yiuf
  3953 | D:4      | Found an ornate altar of the Wu Jian Council.
  4022 | D:4      | Found a shadowy altar of Dithmenos.
  4022 | D:4      | Noticed a necrophage
  4031 | D:4      | Killed a necrophage
  4032 | D:4      | Reached XP level 6. HP: 45/45 MP: 7/12
  4037 | D:4      | Learned a level 4 spell: Summon Lightning Spire
  4187 | D:4      | Found a shimmering altar of Xom.
  4501 | D:4      | Found a shimmering blue altar of Sif Muna.
  4610 | D:5      | Entered Level 5 of the Dungeon
  4724 | D:5      | Noticed a water moccasin
  4842 | D:5      | Found a hide-covered altar of Uskayaw.
  4967 | D:5      | Reached skill level 1 in Air Magic
  5158 | D:5      | Reached skill level 6 in Summonings
  5244 | D:5      | Your scales start taking on a pale cyan-grey colour.
  5244 | D:5      | Reached XP level 7. HP: 50/50 MP: 13/13
  5244 | D:5      | Gained mutation: You are immune to the effects of steam.
                  | [Pale Draconian growth]
  5513 | D:5      | Reached skill level 5 in Spellcasting
  5519 | D:5      | Found a basalt altar of Yredelemnul.
  5539 | D:5      | Became a worshipper of Yredelemnul the Dark
  5739 | D:6      | Reached XP level 8. HP: 57/57 MP: 6/15
  5890 | D:6      | Noticed a two-headed ogre
  5913 | D:6      | Killed a two-headed ogre
  5914 | D:6      | Reached skill level 7 in Summonings
  5914 | D:6      | Reached skill level 1 in Evocations
  5988 | D:6      | Found an opulent altar of Gozag.
  6028 | D:6      | Reached * piety under Yredelemnul
  6040 | D:6      | Noticed Prince Ribbit
  6042 | D:6      | Killed Prince Ribbit
  6043 | D:6      | Reached XP level 9. HP: 68/68 MP: 14/17
  6105 | D:6      | Reached ** piety under Yredelemnul
  6212 | D:6      | Identified the +0 cloak of Gestures {Dex+2}
  6558 | D:6      | Noticed Menkaure
  6564 | D:6      | Killed Menkaure
  6741 | D:7      | Found a staircase to the Ecumenical Temple.
  7012 | D:7      | Found a blossoming altar of Fedhas.
  7070 | D:7      | Identified the -3 buckler "Noigeq" {Harm}
  7601 | D:8      | Reached skill level 5 in Air Magic
  7684 | D:8      | Found an ancient bone altar of Kikubaaqudgha.
  7781 | D:8      | Reached skill level 5 in Hexes
  7790 | D:8      | Reached *** piety under Yredelemnul
  7814 | D:8      | Reached XP level 10. HP: 78/78 MP: 10/19
  7850 | D:8      | Noticed a four-headed hydra
  7884 | D:8      | Killed a four-headed hydra
  8079 | D:8      | Found a broken altar of Ashenzari.
  8092 | D:8      | Found a radiant altar of Vehumet.
  8114 | D:8      | Reached skill level 8 in Summonings
  8169 | D:8      | Reached skill level 5 in Invocations
  8395 | D:8      | Found a staircase to the Lair.
  8635 | D:8      | Reached skill level 5 in Fighting
  8927 | D:9      | Noticed a two-headed ogre
  9085 | D:9      | Noticed Harold
  9098 | D:9      | Killed Harold
  9099 | D:9      | Reached skill level 5 in Evocations
  9592 | D:9      | Reached skill level 5 in Dodging
  9783 | D:9      | Identified a scroll of acquirement
 10012 | D:9      | Reached XP level 11. HP: 88/88 MP: 16/21
 10254 | D:10     | Entered Level 10 of the Dungeon
 10294 | D:10     | Noticed Erolcha
 10326 | D:10     | Killed Erolcha
 11031 | D:10     | Noticed Josephine
 11036 | D:10     | Noticed a two-headed ogre
 11040 | D:10     | Noticed Nergalle
 11040 | D:10     | Killed Josephine
 11061 | D:10     | Your ally Josephine died
 11075 | D:10     | Killed a two-headed ogre
 11301 | D:10     | Reached skill level 9 in Summonings
 11347 | D:10     | Killed Nergalle
 11930 | D:11     | Found Iraditim's Weapon Boutique.
 11933 | D:11     | Found a staircase to the Orcish Mines.
 11935 | D:11     | Found Inusod's Armour Boutique.
 12009 | D:11     | Noticed a seven-headed hydra
 12036 | D:11     | HP: 1/88 [seven-headed hydra (8)]
 12036 | D:11     | Mangled by a seven-headed hydra

Illustrated notes

Levels and vault maps discovered:
D:1:      co_arrival_random_square_maze, layout_loops_ring,
          basic_ecumenical_altar, kennysheep_small_spiral, minmay_lizard_pond
D:2:      layout_loops_cross, guppyfry_early_lair_pool
D:3:      layout_basic, mainiacjoe_overflow_alcove_2, okawaru_metal_pillars_1_2,
          grunt_ministairs_3, uniq_crazy_yiuf_cottage, uniq_jessica
D:4:      layout_loops_ring, mainiacjoe_overflow_small_starburst, led_sif_pool,
          nicolae_dithmenos_the_darkroom, xom_teletrap_fun,
          minmay_misc_feat_columns, lemuel_old_faithful
D:5:      layout_gridville, marbit_many_paths, nicolae_yredelemnul_corpse_copse,
          minmay_strange_pillars, nicolae_concentric_dashed_squares_mild
D:6:      layout_basic, grunt_gozag_statues, uniq_prince_ribbit1, uniq_menkaure
D:7:      layout_loops_ring, fedhas_ov_isle_minmay, temple_fountains
D:8:      layout_basic, nicolae_ashenzari_panopticon, old_standard_altar,
          overflow_temple_1_default, lair_entry_dummy
D:9:      layout_grid_maze, nicolae_fountain_basement, uniq_harold
D:10:     layout_gridville, uniq_josephine, uniq_erolcha, uniq_nergalle
D:11:     layout_irregular_city, orc_david_3, enter_bailey_2

Skill      XL: |  1  2  3  4  5  6  7  8  9 10 11 |
---------------+----------------------------------+-----
Spellcasting   | 3 4 5 6 7 |  7.6
Summonings     | 5 6 7 8 9 |  9.0
Hexes          | 1 2 3 4 5 |  5.0
Air Magic      | 1 3 4 5 6 7 |  7.4
Fighting       | 2 4 5 6 |  6.6
Dodging        | 2 3 5 |  5.8
Invocations    | 2 4 5 6 |  6.7
Evocations     | 2 4 5 6 |  6.4
Stealth        | |  1.8

Action                   |  1- 3 |  4- 6 |  7- 9 | 10-12 || total
-------------------------+-------+-------+-------+-------++-------
Melee: Unarmed           |    62 |       |       |       ||    62
       Tailslap          |    16 |     6 |     7 |     9 ||    38
       Club              |    17 |       |       |       ||    17
       Dagger            |    38 |       |       |       ||    38
       Whip              |     7 |       |       |       ||     7
       Mace              |     6 |     2 |       |       ||     8
       Quarterstaff      |       |    53 |    33 |       ||    86
       Spear             |       |       |    32 |    58 ||    90
       Trident           |       |       |       |    50 ||    50
 Cast: Summon Small Mamm |     7 |       |       |       ||     7
       Call Imp          |    13 |    14 |    13 |     8 ||    48
       Call Canine Famil |     1 |    10 |    14 |    23 ||    48
       Summon Guardian G |       |     1 |     6 |     9 ||    16
       Summon Lightning  |       |       |     9 |    31 ||    40
Invok: Dark Bargain      |       |       |     1 |       ||     1
 Abil: Breathe Steam     |       |       |    20 |    17 ||    37
  Use: Scroll            |       |     4 |     1 |     3 ||     8
 Stab: Sleeping          |     3 |     2 |       |     1 ||     6
       Petrified         |       |     7 |       |       ||     7
       Distracted        |       |       |       |     1 ||     1
Armor: Skin              |    51 |    28 |    27 |    69 ||   175
Dodge: Dodged            |   115 |    30 |    39 |    95 ||   279

Table legend: (Time is in decaauts)
 A = Elapsed time spent in this place.
 B = Non-inter-level travel time spent in this place.
 C = Inter-level travel time spent in this place.
 D = Time resting spent in this place.
 E = Time spent auto-exploring this place.
 F = Levels seen in this place.
 G = Mean time per level.
                   A        B        C        D        E       F      G
               +--------+--------+--------+--------+--------+-----+--------+
         Total |  12118 |  11778 |    340 |    441 |   8759 |  11 | 1101.6 |
       Dungeon |  12118 |  11778 |    340 |    441 |   8759 |  11 | 1101.6 |
               +--------+--------+--------+--------+--------+-----+--------+

Top non-repeatable levels by time:
     D:1: 1845 daAuts
     D:9: 1730 daAuts
     D:8: 1424 daAuts
     D:3: 1334 daAuts
    D:10: 1233 daAuts
     D:5: 1136 daAuts
     D:6: 1001 daAuts
     D:7: 828 daAuts
     D:2: 778 daAuts
     D:4: 681 daAuts
    D:11: 125 daAuts
